 Dungeon Crawl Stone Soup version 0.32-a0-921-g04a7ad8 (webtiles) character file.

Game seed: 9756209229183984262

957 Saphirus the Frost Mage (level 8, -11/58 HPs)
             Began as a Barachi Ice Elementalist on Mar 31, 2024.
             Was an Initiate of Cheibriados.
             Killed from afar by a steam dragon (19 damage)
             ... with a ball of steam
             ... on level 5 of the Dungeon on Apr 11, 2024.
             The game lasted 00:12:25 (4755 turns).

Saphirus the Frost Mage (Barachi Ice Elementalist)  Turns: 4755, Time: 00:12:26

Health: -11/58     AC: 10    Str: 11    XL:     8   Next: 14%
Magic:  9/15       EV: 12    Int: 18    God:    Cheibriados [......]
Gold:   189        SH:  0    Dex: 14    Spells: 10/17 levels left

rFire   . . .        B - +2 dagger (venom)
rCold   . . .        (no shield)
rNeg    . . .        a - +0 robe
rPois   .            (no helmet)
rElec   .            t - scarf {repulsion}
rCorr   .            (no gloves)
SInv    .            x - +0 pair of boots
Will    .....        (no amulet)
Stlth   ++           c - ring of wizardry
HPRegen 0.29/turn    i - ring of flight
MPRegen 0.14/turn

%: repel missiles, wizardry (x1)
@: ice-armoured, freezing walls, flying, very slow
A: amphibious, slowness 1, strong legs 1, +LOS
a: Hop, Renounce Religion


You were on level 5 of the Dungeon.
You worshipped Cheibriados.
Cheibriados was noncommittal.
You visited 2 branches of the dungeon, and saw 6 of its levels.

You collected 189 gold pieces.

Inventory:

Hand Weapons
 f - a +1 whip of flaming
 j - a +0 spear
 o - a +0 falchion
 B - a +2 dagger of venom (weapon)
Missiles
 w - a throwing net
Armour
 a - a +0 robe (worn)
 k - a +0 kite shield
 t - a scarf of repulsion (worn)
 x - a +0 pair of boots (worn)
Jewellery
 c - a ring of wizardry (left hand)
 i - a ring of flight (right hand)
 l - an amulet of faith
Wands
 q - a wand of iceblast (11)
 u - a wand of flame (19)
Scrolls
 d - 4 scrolls of teleportation
 e - 4 scrolls of revelation
 m - a scroll of brand weapon {unknown}
 r - a scroll of butterflies
 v - a scroll of fear {unknown}
 y - a scroll of enchant weapon {unknown}
 A - a scroll of noise {unknown}
Potions
 b - a potion of magic
 g - a potion of lignification {unknown}
 n - 2 potions of berserk rage
 s - a potion of ambrosia {unknown}
 z - a potion of curing {unknown}


   Skills:
 + Level 3.2 Fighting
 + Level 3.8 Dodging
 + Level 3.4 Stealth
 - Level 5.0 Spellcasting
 - Level 8.0 Ice Magic
 + Level 2.2 Invocations


You had 10 spell levels left.
You knew the following spells:

 Your Spells              Type           Power      Damage    Failure   Level
a - Freeze                Ice            100%       1d10      1%          1
b - Frozen Ramparts       Ice            66%        1d10      1%          3
c - Ozocubu's Armour      Ice            33%        N/A       1%          3

Your spell library contained the following spells:

 Spells                   Type           Power      Damage    Failure   Level
 Summon Ice Beast         Ice/Summ       18%        N/A       3%          3
 Magic Dart               Conj           16%        1d3       5%          1
 Shock                    Conj/Air       16%        1d4       5%          1
 Blink                    Tloc           8%         N/A       9%          2
 Call Imp                 Summ           8%         N/A       9%          2
 Swiftness                Air            4%         N/A       16%         3
 Airstrike                Air            2%         2d(1-17)  45%         4


Dungeon Overview and Level Annotations

Branches:
Dungeon (5/15)             Temple (1/1) D:4

Altars:
Ashenzari
Cheibriados
Dithmenos
Elyvilon
Fedhas
Gozag
Hepliaklqana
Kikubaaqudgha
Makhleb
Nemelex Xobeh
Okawaru
Qazlal
Ru
Sif Muna
Trog
Uskayaw
Vehumet
Wu Jian
Xom
Yredelemnul
Zin
The Shining One

Shops:
D:4 =


Innate Abilities, Weirdness & Mutations

You are amphibious.
You cover ground slowly.
You can hop short distances.
You have an extended range of vision and can be seen from far away.


Message History

There is a stone staircase leading up here.
You see here a +0 robe.
Found a ring mail.
The steam dragon breathes steam at you. The ball of steam hits you!
The steam dragon barely misses you. x2
You hear a shout!
Casting: Frozen Ramparts (safe; 1% risk of failure)
Confirm with . or Enter, or press ? or * to list all spells.
Casting: Frozen Ramparts (safe; 1% risk of failure)
Press: ? - help, Dir - look around, f - activate
There is a cloud of steam here.
The walls around you are covered in ice.
You are engulfed in a cloud of scalding steam.
You hear a shout! x2
The wall freezes the steam dragon.
The steam dragon closely misses you. The steam dragon claws you.
Casting: Frozen Ramparts (safe; 1% risk of failure)
Confirm with . or Enter, or press ? or * to list all spells.
A film of ice covers your body!
You are engulfed in a cloud of scalding steam.
The wall freezes the steam dragon!
The steam dragon bites you!
* * * LOW HITPOINT WARNING * * *
The steam dragon claws you.
* * * LOW HITPOINT WARNING * * *
The heat melts your icy armour.
You hit the steam dragon.
The steam dragon is heavily wounded.
You are engulfed in a cloud of scalding steam.
* * * LOW HITPOINT WARNING * * *
The wall freezes the steam dragon.
The steam dragon bites you.
* * * LOW HITPOINT WARNING * * *
The steam dragon claws you but does no damage.
The heat melts your icy armour.
You closely miss the steam dragon.
The steam dragon is heavily wounded.
The wall freezes the steam dragon!
The steam dragon breathes steam at you. The ball of steam hits you!!
You die...
Cheibriados appreciates the motionlessness of death.

###+###### #######5
.........# ........
..D......# ....5...
.. ....?.# ..>K....
#.. #...# ........
##....####'# .....#
[......D@[<##.....#
.......§.§.).†....#
..................#
...............?..+
##.$####+####..##+#
## ###


You could see a steam dragon (catching breath).

Vanquished Creatures
  Pikel (D:5)
  A lemure (D:5)
  A hound (D:5)
  2 orc priests (D:3)
  5 sleepcaps
  An iguana (D:4)
  Ijyb (D:3)
  8 gnolls
  8 adders
  A dart slug (D:1)
  8 orcs
  8 bats
  7 endoplasms
  2 giant cockroaches (D:4)
  6 goblins
  6 hobgoblins
  7 jackals
  3 quokkas
  8 ball pythons
  3 frilled lizards
  6 kobolds
  6 rats
99 creatures vanquished.

Notes
Turn   | Place    | Note
-------+----------+-------------------------------------------
     0 | D:1      | Saphirus the Barachi Ice Elementalist began the quest for
                  | the Orb.
     0 | D:1      | Reached XP level 1. HP: 13/13 MP: 3/3
   181 | D:1      | Reached skill level 5 in Ice Magic
   181 | D:1      | Reached XP level 2. HP: 19/19 MP: 0/5
   814 | D:1      | Reached XP level 3. HP: 24/24 MP: 0/7
   818 | D:1      | Learned a level 3 spell: Frozen Ramparts
   822 | D:1      | Learned a level 3 spell: Ozocubu's Armour
  1446 | D:2      | Reached XP level 4. HP: 28/30 MP: 1/9
  1621 | D:2      | Found a shimmering altar of Xom.
  2011 | D:2      | Reached skill level 6 in Ice Magic
  2434 | D:3      | Reached XP level 5. HP: 26/35 MP: 3/10
  2534 | D:3      | Found a hazy altar of Hepliaklqana.
  2870 | D:3      | Reached XP level 6. HP: 33/41 MP: 1/12
  3223 | D:3      | Reached skill level 7 in Ice Magic
  3231 | D:3      | HP: 1/41 [sleepcap (6)]
  3233 | D:3      | Reached skill level 5 in Spellcasting
  3419 | D:3      | Noticed Ijyb
  3430 | D:3      | Killed Ijyb
  3595 | D:3      | Found a broken altar of Ashenzari.
  3596 | D:3      | Found a blossoming altar of Fedhas.
  3597 | D:3      | Found a white marble altar of Elyvilon.
  3597 | D:3      | Found an ornate altar of the Wu Jian Council.
  3598 | D:3      | Upgraded the game from 0.32-a0-876-gcfddb08 to
                  | 0.32-a0-921-g04a7ad8
  3956 | D:4      | Found Xag Kann's Jewellery Boutique.
  4135 | D:4      | Reached skill level 8 in Ice Magic
  4135 | D:4      | Reached XP level 7. HP: 46/47 MP: 7/14
  4398 | D:4      | Found a staircase to the Ecumenical Temple.
  4406 | Temple   | Entered the Ecumenical Temple
  4415 | Temple   | Became a worshipper of Cheibriados the Contemplative
  4655 | D:5      | Entered Level 5 of the Dungeon
  4658 | D:5      | Noticed Pikel
  4662 | D:5      | Reached skill level 1 in Fighting
  4679 | D:5      | Killed Pikel
  4680 | D:5      | Reached XP level 8. HP: 33/58 MP: 5/15
  4755 | D:5      | Killed from afar by a steam dragon

Illustrated notes

Levels and vault maps discovered:
D:1:      sevenhm_arrival_forest_fort_small_3, layout_loops_corners,
          nrook_mini_backslash, st_stairs_14
D:2:      layout_loops_cross, basic_altar, minmay_heptomino_o4
D:3:      cheibrodos_pilgrimage, layout_basic,
          mainiacjoe_overflow_six_doors_small, mainiacjoe_overflow_alcove_3,
          hellmonk_no_cap, uniq_ijyb
D:4:      layout_basic, minmay_temple_entry_enclosed_plants, serial_shops, shop,
          minmay_crystal_room, hangedman_abyss_or_decor_slice
D:5:      layout_gridville, chequers_serial_rivers_small_3, uniq_pikel,
          uniq_grinder
Temple:   nicolae_temple_superstar

Skill      XL: |  1  2  3  4  5  6  7 |
---------------+----------------------+-----
Stealth        | 2 3 |  3.4
Ice Magic      | 5 6 8 |  8.0
Spellcasting   | 3 4 5 |  5.0
Fighting       | 3 |  3.2
Dodging        | 3 |  3.8
Invocations    | 2 |  2.2

Action                     |  1- 3 |  4- 6 |  7- 9 || total
---------------------------+-------+-------+-------++-------
  Melee: Unarmed           |     4 |       |       ||     4
         Spear             |    10 |    28 |       ||    38
         Short sword       |     8 |       |       ||     8
         Dagger            |       |    81 |    35 ||   116
   Cast: Freeze            |    31 |     1 |       ||    32
         Frozen Ramparts   |     4 |    21 |     4 ||    29
         Ozocubu's Armour  |     1 |    14 |     3 ||    18
Ability: Hop               |       |     2 |       ||     2
    Use: Scroll            |       |       |     5 ||     5
   Stab: Sleeping          |     2 |     5 |       ||     7
 Armour: Robe              |    15 |    77 |    27 ||   119
  Dodge: Dodged            |    24 |    59 |    37 ||   120

Table legend: (Time is in decaauts)
 A = Elapsed time spent in this place.
 B = Non-inter-level travel time spent in this place.
 C = Inter-level travel time spent in this place.
 D = Time resting spent in this place.
 E = Time spent auto-exploring this place.
 F = Levels seen in this place.
 G = Mean time per level.
                   A        B        C        D        E       F      G
               +--------+--------+--------+--------+--------+-----+--------+
         Total |   5372 |   5200 |    172 |     61 |   4336 |   6 |  895.3 |
       Dungeon |   5348 |   5189 |    159 |     61 |   4336 |   5 | 1069.6 |
        Temple |     24 |     12 |     12 |      0 |      0 |   1 |   24.0 |
               +--------+--------+--------+--------+--------+-----+--------+

Top non-repeatable levels by time:
     D:1: 1599 daAuts
     D:3: 1351 daAuts
     D:4: 1193 daAuts
     D:2: 1114 daAuts
     D:5: 88 daAuts
  Temple: 24 daAuts
